Map: Cerulean Fall LE

Players

Neeblet (Neeb) - Winner!

  • Race: Protoss Protoss
  • League: Grandmaster
  • Spawn Location: 7:00

HeroMarine

  • Race: Terran Terran
  • League: Master
  • Spawn Location: 1:00

Event: IEM Season 13 - Katowice Server Qualifiers Europe

VOD

Have the link to the VOD?

Description

Time

  • Played on: Jan. 8, 2019, 10:11 a.m.
  • Length: 13:13

All games in this series

Show
View Real Time Build Order
Export as new Build Order

Neeblet Protoss - Winner!

Build Orders: 1 Gate Expand, Oracle Opening 

Get SALT Encoding   

  12  0:00  Probe  
  13  0:12  Probe  
  14  0:17  Pylon  
  14  0:23  Probe  
  15  0:32  Probe  
  15  0:37  Gateway  
  15  0:40  Probe  
  16  0:49  Assimilator  
  17  0:51  Probe  
  18  1:03  Probe  
  19  1:15  Probe  
  20  1:25  Nexus  
  20  1:33  Cybernetics Core  
  20  1:36  Probe  
  21  1:41  Assimilator  
  21  1:48  Probe  
  21  1:51  Pylon  
  22  1:59  Probe  
  22  2:01  Adept  
  23  2:07  Probe  
  23  2:15  Probe  
  26  2:20  Stargate  
  27  2:26  Probe  
  27  2:27  Adept  
  30  2:33  Probe  
  30  2:35  Warp Gate  
  31  2:38  Probe  
  31  2:41  Probe  
  32  2:50  Probe  
  32  2:51  Probe  
  34  2:57  Pylon  
  34  2:58  Oracle  
  35  3:03  Probe  
  35  3:05  Probe  
  40  3:12  Stalker  
  40  3:15  Probe  
  40  3:17  Probe  
  44  3:21  Pylon  
  45  3:27  Probe  
  45  3:29  Oracle, Probe  
  46  3:38  Gateway  
  46  3:39  Gateway, Probe  
  50  3:42  Probe  
  51  3:51  Probe  
  51  3:54  Probe  
  53  3:57  Pylon  
  53  4:00  Oracle  
  53  4:03  Probe  
  53  4:06  Nexus  
  57  4:11  Probe  
  57  4:15  Probe  
  59  4:18  Assimilator  
  59  4:20  Assimilator  
  59  4:23  Probe  
  60  4:27  Probe  
  60  4:29  Pylon  
  61  4:34  Forge, Twilight Council  
  61  4:36  Probe  
  62  4:39  Oracle  
  62  4:41  Probe  
  62  4:43  Pylon  
  63  4:52  Probe  
  67  4:54  Adept  
  67  4:55  Adept  
  67  4:58  Probe  
  67  4:59  Stalker  
  74  5:00  Protoss Ground Armor Level 1  
  74  5:05  Charge  
  74  5:06  Shield Battery  
  74  5:07  Probe  
  75  5:10  Pylon  
  75  5:15  Pylon  
  75  5:22  Adept  
  75  5:23  Adept  
  75  5:28  Stalker  
  81  5:34  Probe x2  
  83  5:36  Shield Battery  
  83  5:39  Probe  
  84  5:43  Stalker  
  84  5:44  Stalker  
  88  5:52  Stalker  
  88  5:54  Phoenix  
  92  5:59  Probe x2  
  93  6:05  Probe  
  93  6:09  Oracle  
  84  6:11  Probe x2  
  74  6:21  Stalker x3  
  74  6:24  Probe  
  79  6:26  Probe  
  79  6:27  Probe  
  79  6:32  Protoss Ground Armor Level 2  
  78  6:36  Probe  
  78  6:38  Probe  
  78  6:39  Gateway  
  79  6:41  Gateway  
  79  6:42  Gateway  
  79  6:45  Adept, Gateway  
  82  6:47  Gateway  
  82  6:48  Probe  
  82  6:50  Robotics Facility, Pylon  
  82  6:51  Probe, Pylon  
  83  6:55  Probe  
  83  7:00  Probe  
  85  7:03  Probe  
  85  7:06  Assimilator  
  85  7:07  Probe  
  87  7:10  Assimilator  
  87  7:12  Pylon  
  83  7:16  Probe  
  83  7:19  Probe  
  83  7:22  Stalker x3  
  89  7:24  Probe  
  88  7:33  Probe  
  88  7:35  Warp Prism, Probe  
  88  7:36  Probe  
  90  7:43  Sentry, Zealot x3  
  90  7:44  Zealot  
  102  7:57  Nexus, Pylon  
  102  8:03  Probe x2  
  104  8:09  Protoss Ground Armor Level 3  
  104  8:12  Zealot x2  
  106  8:13  Zealot  
  106  8:15  Zealot  
  106  8:16  Zealot x3  
  118  8:21  Templar Archives  
  118  8:26  Zealot  
  120  8:28  Observer  
  124  8:38  Zealot x2  
  127  8:42  Zealot x2  
  127  8:43  Zealot x2  
  127  8:45  Pylon  
  133  8:58  Pylon  
  133  9:00  Zealot x4  
  141  9:14  Zealot x4  
  149  9:20  Probe x2  
  149  9:22  Probe  
  144  9:24  Probe  
  133  9:31  Psionic Storm  
  133  9:32  Probe x2  
  133  9:34  Probe  
  133  9:35  High Templar x4  
  133  9:36  High Templar  
  131  9:39  Immortal  
  131  9:43  Zealot x3  
  115  9:58  Pylon  
  115  10:04  High Templar  
  115  10:05  High Templar x2  
  121  10:08  High Templar, Blink  
  121  10:09  Sentry x2, Gateway, Stalker x2  
  121  10:10  Gateway  
  121  10:12  Gateway, Archon x2  
  131  10:18  Immortal  
  131  10:20  Probe  
  136  10:24  Protoss Ground Weapons Level 1  
  136  10:29  Assimilator x2  
  136  10:34  High Templar  
  136  10:35  Zealot x3  
  144  10:38  Nexus  
  144  10:40  Pylon  
  144  10:42  Zealot  
  144  10:43  Zealot x3  
  152  11:01  Assimilator  
  152  11:02  Observer  
  153  11:05  Zealot x4  
  153  11:06  Zealot x6  
  172  11:15  Probe x2  
  142  11:26  Nexus  
  142  11:27  Probe x2  
  142  11:28  Probe x2  
  146  11:37  Robotics Bay  
  146  11:38  Robotics Facility, High Templar  
  146  11:39  Warp Prism  
  148  11:40  High Templar x4  
  148  11:41  Zealot x6  
  148  11:45  Archon  
  168  11:47  Archon  
  170  12:00  Pylon  
  170  12:05  Stalker x6  
  180  12:32  Zealot x10  
  174  12:49  Archon  
  136  12:52  Zealot x11  
  136  12:54  Probe x2  
Show
View Real Time Build Order
Export as new Build Order

HeroMarine Terran 

Build Orders: Gas First Reaper Expand, Banshee Rush 

Get SALT Encoding   

  12  0:00  SCV  
  13  0:12  SCV  
  14  0:17  Supply Depot  
  14  0:25  SCV  
  15  0:30  Refinery  
  15  0:39  SCV  
  16  0:44  Barracks  
  16  0:51  SCV  
  17  1:03  SCV  
  18  1:15  SCV  
  19  1:32  Reaper, Orbital Command  
  20  1:49  Command Center  
  20  1:56  Factory  
  20  1:59  SCV  
  21  2:09  Barracks Reactor  
  21  2:12  SCV  
  22  2:16  Supply Depot  
  22  2:18  Refinery  
  22  2:24  SCV  
  23  2:38  SCV  
  26  2:45  Marine, Starport  
  26  2:46  Marine  
  26  2:50  SCV  
  29  2:53  Factory Tech Lab  
  27  3:02  SCV  
  27  3:03  Marine x2, Orbital Command  
  30  3:08  Refinery  
  30  3:13  Siege Tank  
  30  3:16  SCV  
  34  3:21  Marine x2  
  34  3:24  Starport Tech Lab  
  35  3:28  SCV  
  35  3:29  SCV  
  37  3:41  SCV x2  
  39  3:42  Viking  
  39  3:46  Supply Depot  
  41  3:51  Siege Tank  
  41  3:54  SCV  
  41  3:55  SCV  
  46  3:58  Cloaking Field  
  46  4:07  Marine x2  
  46  4:09  SCV, Supply Depot  
  49  4:10  SCV  
  50  4:17  Banshee  
  50  4:21  SCV  
  54  4:26  Supply Depot  
  54  4:31  Marine x2, SCV  
  56  4:34  Engineering Bay  
  56  4:35  SCV  
  58  4:39  Siege Tank  
  58  4:43  SCV  
  62  4:47  SCV  
  62  4:49  Marine x2  
  65  4:54  Supply Depot  
  65  4:56  SCV  
  67  5:00  SCV, Banshee  
  70  5:07  Missile Turret  
  70  5:10  Supply Depot  
  70  5:15  Marine, SCV x2, Siege Tank  
  70  5:16  Missile Turret  
  70  5:19  Marine  
  77  5:27  SCV  
  78  5:32  SCV  
  78  5:33  Marine  
  80  5:40  SCV, Supply Depot  
  81  5:42  Banshee  
  81  5:44  Marine, SCV  
  86  5:59  Bunker  
  86  6:02  Marine, SCV x2, Bunker, Siege Tank  
  92  6:09  Marine  
  74  6:14  SCV x2  
  67  6:19  Marine, Command Center  
  68  6:26  SCV x2  
  68  6:27  Marine  
  71  6:34  Barracks x2, Siege Tank  
  71  6:37  Terran Infantry Weapons Level 1  
  71  6:38  SCV  
  72  6:42  Marine  
  72  6:45  Marine  
  71  6:47  Barracks  
  71  6:49  Barracks  
  71  6:50  Starport Reactor  
  71  6:51  SCV  
  71  6:52  SCV  
  73  6:59  Marine  
  70  7:03  Marine, Bunker  
  70  7:06  Siege Tank  
  70  7:07  Refinery  
  70  7:08  SCV x2  
  74  7:17  Marine  
  74  7:20  Marine, SCV x2  
  78  7:32  SCV x2  
  78  7:34  Starport Reactor  
  78  7:35  Marine  
  78  7:36  Barracks Tech Lab  
  81  7:37  Stimpack  
  81  7:38  Marine, Marauder  
  81  7:39  Orbital Command  
  81  7:42  Supply Depot  
  81  7:45  SCV  
  81  7:46  Factory Reactor, SCV  
  81  7:47  Marine x2, Marauder  
  87  7:53  Marine  
  87  7:56  Marine  
  87  7:58  Marauder  
  91  7:59  Marauder  
  91  8:01  SCV x2  
  91  8:05  Marine x2  
  96  8:10  Combat Shield  
  96  8:12  Barracks Tech Lab, Orbital Command, Medivac x2  
  100  8:13  SCV x2  
  100  8:19  Marauder  
  104  8:20  Armory, Marauder  
  104  8:22  Engineering Bay  
  104  8:25  SCV x2  
  104  8:26  Marine x2  
  110  8:27  Marine x2  
  112  8:34  Widow Mine  
  112  8:35  Widow Mine  
  112  8:39  Supply Depot x2  
  112  8:40  Missile Turret  
  116  8:42  Marauder  
  116  8:43  Medivac x2  
  116  8:44  Concussive Shells  
  116  8:45  SCV x2  
  116  8:46  SCV, Terran Infantry Armor Level 1  
  125  8:53  Refinery  
  125  8:54  Refinery  
  125  9:00  Marine x4  
  125  9:02  Supply Depot x2  
  129  9:08  Marauder x3  
  134  9:12  SCV  
  134  9:13  SCV  
  136  9:18  Marine x4  
  128  9:29  Marine x3  
  116  9:31  Liberator  
  116  9:36  Marine x4  
  113  9:42  Orbital Command  
  112  9:47  Marine x3  
  108  9:54  Marine x4, Widow Mine x2  
  108  9:56  Terran Infantry Weapons Level 2  
  119  10:08  Barracks Tech Lab  
  119  10:09  Ghost Academy  
  119  10:11  Marauder x2  
  119  10:12  Marine x3  
  119  10:13  Marine  
  124  10:21  SCV x3  
  127  10:23  Refinery x2  
  129  10:29  Widow Mine x2  
  129  10:33  SCV x3  
  138  10:38  Ghost  
  138  10:39  Ghost x2  
  138  10:40  Marine x2  
  138  10:41  Marine x2  
  144  10:47  Supply Depot  
  144  10:53  Missile Turret  
  144  10:54  Widow Mine x2  
  148  11:05  Marine x2  
  148  11:08  Marauder x3  
  146  11:22  Medivac x2  
  146  11:23  Widow Mine x2  
  149  11:27  Marine  
  149  11:28  Marine x2  
  149  11:29  Marauder x2  
  149  11:30  Marine, Marauder  
  159  11:33  Missile Turret  
  159  11:38  Command Center  
  159  11:40  Missile Turret  
  159  11:45  Widow Mine x2  
  165  11:55  Medivac  
  165  11:58  Supply Depot, Bunker  
  165  12:00  Ghost x2, Medivac  
  171  12:03  Missile Turret  
  171  12:04  Ghost  
  173  12:22  Marine x3  
  174  12:29  Marauder  
  170  12:31  Marine x2  
  170  12:37  Marauder  
  149  12:45  Marine  
  149  12:47  Marine x2  
  149  12:50  Marauder x2  
  149  12:51  Widow Mine x2  
  123  12:55  Marine  

Tags
 
Add a new tag
Caveats
  • Supply blocks, unpowered buildings, or Contaminate may cause inaccurate times.
  • Supply counts are checked every 10 seconds.